 Dungeon Crawl Stone Soup version 0.28-a0-850-g09de17f5b5 (webtiles) character file.

Game seed: 5622003224789207403

10270 croobank the Cleaver (level 11, 0/94 HPs)
             Began as a Purple Draconian Delver on Nov 14, 2021.
             Was a Believer of Makhleb.
             Shot with an arrow by Nessos (13 damage)
             ... on level 12 of the Dungeon.
             The game lasted 02:05:44 (15996 turns).

croobank the Cleaver (Purple Draconian Delver)     Turns: 15996, Time: 02:05:45

Health: 0/94       AC: 11    Str: 23    XL:     11   Next: 34%
Magic:  0/22       EV: 14    Int: 18    God:    Makhleb [**....]
Gold:   573        SH:  0    Dex: 12    Spells: 15/25 levels left

rFire   . . .      SeeInvis .   Y - +2 war axe (pain)
rCold   . . .      Faith    .   (no shield)
rNeg    . . .      Spirit   +   (armour unavailable)
rPois   .          Reflect  .   (helmet restricted)
rElec   .          Harm     .   r - +0 cloak
rCorr   .          Rampage  .   A - +0 pair of gloves
Will    +....                   p - +1 pair of boots
Stlth   +++.......              t - amulet of guardian spirit
HPRegen 0.25/turn               q - +6 ring of intelligence
MPRegen 0.18/turn               Q - +6 ring of strength

@: lethally poisoned (0 -> -32)
A: breathe power, AC +7, unfitting armour, cold-blooded
a: Breathe Dispelling Energy, Renounce Religion, Minor Destruction


You were on level 12 of the Dungeon.
You worshipped Makhleb.
Makhleb was pleased with you.
You visited 3 branches of the dungeon, and saw 14 of its levels.

You collected 681 gold pieces.
You spent 108 gold pieces at shops.

Inventory:

Hand Weapons
 a - a +1 broad axe
 i - a +0 halberd
 l - a +2 dagger of freezing
 n - a +1 mace of holy wrath
 s - a +0 hand axe of electrocution
 F - the +9 quarterstaff "Leviticus" {speed, rCorr Dex+5}
   (You took it off an orc on level 7 of the Dungeon)

   Attacks with this weapon are significantly faster.
   Dex:       It affects your dexterity (+5).
   rCorr:     It protects you from acid and corrosion.
 L - a +3 great sword
 M - a +5 morningstar
 N - a +2 falchion
 P - a +2 short sword of draining
 R - a +2 flail
 Y - a +2 war axe of pain (weapon)
Missiles
 h - 320 stones (quivered)
 I - 4 boomerangs
 S - 43 poisoned darts
 T - a curare-tipped dart
Armour
 p - a +1 pair of boots (worn)
 r - a +0 cloak (worn)
 A - a +0 pair of gloves (worn)
 W - a +2 kite shield of cold resistance
Jewellery
 m - an amulet of the acrobat
 q - a +6 ring of intelligence (left hand)
 t - an amulet of guardian spirit (around neck)
 u - a +4 ring of protection
 Q - a +6 ring of strength (right hand)
 X - a +4 ring of evasion
Wands
 f - a wand of digging (2)
 k - a wand of iceblast (8)
 x - a wand of polymorph (17)
 y - a wand of charming (4)
 E - a wand of flame (18)
 G - a wand of acid (5)
Scrolls
 b - 3 scrolls of fog
 c - 4 scrolls of magic mapping
 d - 2 scrolls of amnesia
 g - a scroll of noise
 v - a scroll of immolation
 w - a scroll of enchant armour {unknown}
 B - 2 scrolls of identify
 D - a scroll of acquirement {unknown}
 H - 2 scrolls of vulnerability
 K - 3 scrolls of teleportation
 O - a scroll of holy word
Potions
 e - 6 potions of flight
 z - a potion of brilliance
 C - 2 potions of invisibility
 J - a potion of curing
 U - a potion of degeneration {unknown}
Miscellaneous
 j - a box of beasts (inert)
 o - a condenser vane
 Z - a box of beasts (inert)


   Skills:
 + Level 8.2 Fighting
 + Level 10.3 Axes
 * Level 5.3 Staves
 + Level 6.2 Dodging
 + Level 6.4 Stealth
 + Level 4.1 Shields
 * Level 7.7 Spellcasting
 + Level 1.5 Translocations
 + Level 2.9 Evocations


You had 15 spell levels left.
You knew the following spells:

 Your Spells              Type           Power      Damage    Failure   Level
a - Animate Skeleton      Necr           12%        N/A       10%         1
b - Apportation           Tloc           24%        N/A       5%          1
c - Static Discharge      Conj/Air       6%         N/A       16%         2
d - Summon Small Mammal   Summ           24%        N/A       10%         1
e - Swiftness             Air            6%         N/A       30%         3
f - Passwall              Tmut/Erth      5%         N/A       16%         2

Your spell library contained the following spells:

 Spells                   Type           Power      Damage    Failure   Level
 Beastly Appendage        Tmut           12%        N/A       10%         1
 Wereblood                Tmut           6%         N/A       16%         2
 Inner Flame              Hex/Fire       6%         N/A       30%         3
 Spider Form              Tmut/Pois      6%         N/A       30%         3
 Tukima's Dance           Hex            6%         N/A       30%         3
 Passage of Golubria      Tloc           12%        N/A       47%         4
 Cause Fear               Hex            3%         N/A       69%         4
 Dispel Undead            Necr           6%         3d8       69%         4
 Sticky Flame             Conj/Fire      6%         2d3       69%         4
 Yara's Violent Unravell  Hex/Tmut       3%         3d4       95%         5
 Discord                  Hex            3%         N/A       100%        8


Dungeon Overview and Level Annotations

Branches:
Dungeon (12/15)            Temple (1/1) D:6            Lair (1/6) D:11
    Orc: D:9-12

Altars:
Ashenzari
Cheibriados
Dithmenos
Elyvilon
Fedhas
Gozag
Hepliaklqana
Kikubaaqudgha
Makhleb
Nemelex Xobeh
Okawaru
Qazlal
Ru
Sif Muna
Trog
Uskayaw
Vehumet
Wu Jian
Xom
Yredelemnul
Zin
The Shining One

Shops:
D:6 [   D:9 *

Annotations:
D:8 exclusion: 2 oklob plants
D:12 Nessos


Innate Abilities, Weirdness & Mutations

You can breathe bolts of dispelling energy.
Your rich purple scales are hard. (AC +7)
You cannot fit into any form of body armour.
You are cold-blooded and may be slowed by cold attacks.


Message History

You feel sick.
There are no items here.
You start resting.
You feel sick. x2
You are no longer poisoned.
You start resting.
Nessos is no longer charmed.
Nessos unwields a +2 longbow of flaming.
It stops flaming.
Nessos misses you. Nessos barely misses you.
Nessos stands on their hind legs for a moment.
Nessos hits you but does no damage. Nessos kicks you but does no damage.
Nessos is nearby!
Found a potion of curing.
Nessos hits you. Nessos completely misses you.
Nessos is nearby!
You slash Nessos!
Your tail-slap misses Nessos.
Nessos is lightly wounded.
Nessos hits you. Nessos kicks you but does no damage.
Nessos barely misses you. x2
You hit Nessos.
Nessos is lightly wounded.
Nessos barely misses you. Nessos kicks you but does no damage.
You hit Nessos but do no damage.
Nessos is lightly wounded.
Nessos gestures wildly while chanting.
Nessos seems to speed up.
Nessos casts a spell.
Nessos blinks!
Found 19 gold pieces.
Nessos wields a +2 longbow of flaming.
It bursts into flame!
Nessos shoots an arrow.
The arrow hits you! The arrow burns you.
You are poisoned.
* * * LOW HITPOINT WARNING * * *
An orc warrior comes into view. It is wielding a +0 flail.
You feel very sick.
Nessos shoots an arrow.
The arrow barely misses you.
Nessos shoots an arrow.
The arrow hits you!
* * * LOW HITPOINT WARNING * * *
The arrow burns you.
You are lethally poisoned!
* * * LOW HITPOINT WARNING * * *
Nessos shoots an arrow.
The arrow hits you!!
You die...

#................
####.......#..#.....
........#..#..##....
#..##.#.#...# #..#
#........c.###...
#.#....#.........
####.#.......
#.....#### #...@.#
#........#
.....###.... #..##
##..... $.. ..!...≈
.# ......o ......≈
......≈


You could see Nessos (fast) and an orc warrior (asleep).

Vanquished Creatures
  3 two-headed ogres
  Maurice (D:8)
  Joseph (D:9)
  3 centaur zombies
  A gargoyle (D:11)
  2 cane toads (D:11)
  Maggie (D:9)
  2 komodo dragons (D:11)
  Grinder (D:6)
  A hornet (D:9)
  2 wyverns (D:11)
  A wraith (D:10)
  2 basilisks (D:11)
  3 steam dragons
  An acid dragon (D:11)
  2 water moccasins
  A floating eye (D:8)
  4 sky beasts
  An orc warrior (D:6)
  An ogre (D:4)
  5 necrophages
  3 centaurs
  A phantom (D:6)
  3 kobold brigands
  3 bullfrogs
  3 scorpions
  A gnoll sergeant (D:9)
  A wyvern zombie (D:9)
  A water moccasin zombie (D:4)
  A wyvern skeleton (D:5)
  6 wights (D:8)
  A bullfrog zombie (D:6)
  3 hounds
  A jelly (D:7)
  6 orc priests
  A centaur skeleton (D:6)
  A gnoll shaman (D:5)
  An iguana (D:6)
  16 orc wizards
  3 killer bee zombies
  2 mummies (D:8)
  6 gnolls
  A howler monkey skeleton (D:7)
  4 adders
  A shadow imp (D:5)
  2 white imps
  3 worms (D:4)
  3 dart slugs
  27 orcs
  9 endoplasms
  3 giant cockroaches
  6 goblins
  8 hobgoblins
  10 kobolds
  5 quokkas
  5 ball pythons
  6 bats
  3 frilled lizards (D:1)
  4 rats
203 creatures vanquished.

Vanquished Creatures (collateral kills)
  A basilisk (D:11)
1 creature vanquished.

Vanquished Creatures (others)
  5 plants (D:8)
5 creatures vanquished.

Grand Total: 209 creatures vanquished

Notes
Turn   | Place    | Note
-------+----------+-------------------------------------------
     0 | D:5      | croobank the Draconian Delver began the quest for the Orb.
     0 | D:5      | Reached XP level 1. HP: 19/19 MP: 1/1
    25 | D:4      | Found a white marble altar of Elyvilon.
    33 | D:4      | Noticed a hound
  1180 | D:1      | Reached XP level 2. HP: 26/26 MP: 2/2
  1213 | D:1      | Found a faded altar of an unknown god.
  1236 | D:1      | You fall into a shaft and drop 1 floor!
  2000 | D:1      | Reached skill level 5 in Stealth
  2398 | D:1      | Reached XP level 3. HP: 29/31 MP: 3/3
  2506 | D:1      | Learned a level 1 spell: Animate Skeleton
  2508 | D:1      | Learned a level 1 spell: Apportation
  3631 | D:3      | Reached XP level 4. HP: 39/39 MP: 5/5
  3964 | D:3      | Reached skill level 1 in Spellcasting
  4142 | D:4      | Reached skill level 3 in Axes
  4148 | D:4      | Reached XP level 5. HP: 44/46 MP: 4/7
  4235 | D:4      | Noticed an ogre
  4245 | D:4      | Killed an ogre
  4246 | D:4      | Reached XP level 6. HP: 24/52 MP: 3/9
  4299 | D:4      | Reached skill level 4 in Axes
  4593 | D:4      | Learned a level 2 spell: Static Discharge
  4595 | D:4      | Learned a level 1 spell: Summon Small Mammal
  4885 | D:4      | Your scales start taking on a rich purple colour.
  4885 | D:4      | Reached XP level 7. HP: 19/59 MP: 8/11
  5885 | D:5      | Reached skill level 5 in Axes
  6277 | D:5      | Found a burning altar of Makhleb.
  6277 | D:5      | Noticed a green death
  6288 | D:5      | Noticed a hellwing
  6288 | D:5      | Noticed an orange demon
  6290 | D:5      | Became a worshipper of Makhleb the Destroyer
  6739 | D:6      | Found Koequs's Armour Boutique.
  6747 | D:6      | Reached XP level 8. HP: 57/67 MP: 11/13
  6755 | D:6      | Reached skill level 5 in Fighting
  6775 | D:6      | Bought a +0 pair of gloves for 54 gold pieces
  6775 | D:6      | Bought a +0 pair of boots for 54 gold pieces
  6896 | D:6      | Reached skill level 6 in Axes
  7091 | D:6      | Found a staircase to the Ecumenical Temple.
  7100 | D:6      | Learned a level 3 spell: Swiftness
  7107 | Temple   | Entered the Ecumenical Temple
  7627 | D:6      | Noticed Grinder
  7634 | D:6      | Paralysed by Grinder for 6 turns
  7651 | D:6      | Killed Grinder
  7652 | D:6      | Reached skill level 1 in Shields
  7816 | D:6      | Found a stormy altar of Qazlal.
  8432 | D:7      | Found a glowing silver altar of Zin.
  8770 | D:7      | Reached skill level 7 in Axes
  9420 | D:7      | Reached XP level 9. HP: 61/75 MP: 13/16
  9592 | D:7      | Found a sparkling altar of Nemelex Xobeh.
  9593 | D:7      | Identified the +9 quarterstaff "Leviticus" {speed, rCorr
                  | Dex+5}
  9792 | D:7      | Reached * piety under Makhleb
 10037 | D:8      | Reached skill level 1 in Evocations
 10161 | D:8      | Reached skill level 5 in Spellcasting
 10252 | D:8      | Noticed Maurice
 10280 | D:8      | Reached skill level 8 in Axes
 10280 | D:8      | Reached skill level 1 in Staves
 10284 | D:8      | Killed Maurice
 10285 | D:8      | Reached skill level 5 in Dodging
 10442 | D:8      | Noticed an oklob plant
 10442 | D:8      | Noticed an oklob plant
 10733 | D:8      | Found a shadowy altar of Dithmenos.
 10762 | D:8      | Found a glowing golden altar of the Shining One.
 11194 | D:9      | Found a hazy altar of Hepliaklqana.
 11217 | D:9      | Learned a level 2 spell: Passwall
 11467 | D:9      | Reached XP level 10. HP: 69/84 MP: 14/18
 11471 | D:9      | Reached skill level 9 in Axes
 11613 | D:9      | Noticed Maggie
 11623 | D:9      | Killed Maggie
 11774 | D:9      | Found Wyguerch's Gadget Gallery.
 11831 | D:9      | Noticed Joseph
 11849 | D:9      | Killed Joseph
 12311 | D:10     | Entered Level 10 of the Dungeon
 12335 | D:10     | Reached ** piety under Makhleb
 12499 | D:10     | Found a sacrificial altar of Ru.
 12612 | D:10     | Noticed a two-headed ogre
 12625 | D:10     | Killed a two-headed ogre
 12896 | D:10     | Found a broken altar of Ashenzari.
 13626 | D:11     | Noticed a two-headed ogre
 13637 | D:11     | Killed a two-headed ogre
 13638 | D:11     | Reached skill level 1 in Translocations
 13990 | D:11     | Noticed a gargoyle
 13995 | D:11     | Killed a gargoyle
 13996 | D:11     | Reached XP level 11. HP: 94/94 MP: 21/21
 14335 | D:11     | Reached skill level 10 in Axes
 14343 | D:11     | Reached skill level 5 in Staves
 14419 | D:11     | Found a staircase to the Lair.
 14443 | Lair:1   | Entered Level 1 of the Lair of Beasts
 15772 | D:12     | Noticed Nessos
 15772 | D:12     | Noticed a two-headed ogre
 15778 | D:11     | Killed a two-headed ogre
 15996 | D:12     | Shot with an arrow by Nessos

Illustrated notes

Levels and vault maps discovered:
D:1:      scummos_arrival_checkerplants, layout_loops_cross,
          hellmonk_ecumenical_altar_run_dry, minmay_shallow_snake_nest
D:2:      layout_basic, serial_aquarium, aquarium_bridge_square
          [aquarium_subvault_bridge, aquarium_subvault_wall,
          aquarium_subvault_window, aquarium_subvault_bridge],
          aquarium_bridge_square [aquarium_subvault_bridge,
          aquarium_subvault_bridge, aquarium_subvault_wall,
          aquarium_subvault_window], aquarium_window_fake, aquarium_window_1,
          aquarium_window_2, aquarium_view_2b, aquarium_view_2f,
          aquarium_balcony_1b
D:3:      layout_loops_ring, minmay_ruptured
D:4:      minmay_skewed_foursquare, layout_loops_ring,
          mainiacjoe_overflow_catwalk, minmay_a_box_with_orc_wizards_in_it
D:5:      layout_rooms, makhleb_altar_promises_db, minmay_misc_feat_five,
          corexii_corridor_pit
D:6:      layout_loops_ring, kennysheep_mini,
          minmay_temple_entry_statues_fountains, serial_shops,
          nicolae_shop_trees, item_on_display_a, uniq_grinder,
          uniq_crazy_yiuf_cottage
D:7:      layout_basic, mainiacjoe_overflow_catwalk_spiral
D:8:      layout_gridville, tso_metal_star, general_overflow_altar,
          serial_undead, serial_undead_e, serial_undead_b, serial_undead_f,
          serial_undead_e, serial_undead_a, serial_undead_b, disabler_island,
          uniq_maurice
D:9:      lemuel_ice_spiral_2, layout_basic, mainiacjoe_overflow_paths,
          serial_glass, glass_columns_c, glass_columns_a, glass_columns_a,
          glass_columns_b, minmay_strange_pillars, item_on_display_a,
          minmay_strange_pillars, due_unseen_surprise, nicolae_shop_gadgets,
          uniq_maggie, uniq_joseph
D:10:     layout_gridville, lemuel_doored_altar, nicolae_overflow_crystal_walls,
          hangedman_misty_isle
D:11:     layout_rooms, erik_lair_dragon
D:12:     layout_cave_pools, erik_orc_2, hangedman_decor_clover_reticule,
          uniq_erolcha, uniq_nessos
Temple:   hc_temple_tempest_star
Lair:1:   layout_long_grid, gammafunk_ghost_cemetery

Skill      XL: |  1  2  3  4  5  6  7  8  9 10 11 |
---------------+----------------------------------+-----
Stealth        | 5 6 |  6.4
Dodging        | 2 3 4 5 6 |  6.2
Spellcasting   | 1 2 3 4 5 7 |  7.7
Axes           | 3 4 5 7 8 9 10 | 10.3
Fighting       | 4 6 7 8 |  8.2
Shields        | 1 2 4 |  4.1
Evocations     | 1 2 |  2.9
Staves         | 3 4 5 |  5.3
Translocations | 1 |  1.5

Action                   |  1- 3 |  4- 6 |  7- 9 | 10-12 || total
-------------------------+-------+-------+-------+-------++-------
Melee: Hand axe          |   104 |   134 |    53 |       ||   291
       Tailslap          |     9 |    17 |    52 |    42 ||   120
       War axe           |       |       |   352 |   222 ||   574
       Quarterstaff      |       |       |       |    11 ||    11
       Broad axe         |       |       |       |     7 ||     7
Throw: Boomerang         |       |       |     3 |       ||     3
 Cast: Summon Small Mamm |       |       |     1 |       ||     1
       Apportation       |       |       |     2 |     3 ||     5
Invok: Minor Destruction |       |       |       |     2 ||     2
 Abil: Breathe Dispellin |       |       |     7 |     6 ||    13
Evoke: Wand              |       |     2 |    17 |    20 ||    39
       Box of beasts     |       |       |       |     1 ||     1
  Use: Scroll            |     6 |     1 |     9 |     6 ||    22
       Potion            |     1 |     3 |     2 |     2 ||     8
 Stab: Sleeping          |    14 |     7 |     4 |     1 ||    26
Armor: Skin              |    33 |    62 |   211 |   104 ||   410
Dodge: Dodged            |    72 |    86 |   214 |   111 ||   483
Block: Buckler           |       |     3 |   123 |     4 ||   130
       Kite shield       |       |       |       |    67 ||    67

Table legend: (Time is in decaauts)
 A = Elapsed time spent in this place.
 B = Non-inter-level travel time spent in this place.
 C = Inter-level travel time spent in this place.
 D = Time resting spent in this place.
 E = Time spent auto-exploring this place.
 F = Levels seen in this place.
 G = Mean time per level.
                   A        B        C        D        E       F      G
               +--------+--------+--------+--------+--------+-----+--------+
         Total |  16168 |  15824 |    344 |   4925 |   7331 |  14 | 1154.9 |
       Dungeon |  15725 |  15405 |    320 |   4925 |   6987 |  12 | 1310.4 |
        Temple |    382 |    358 |     24 |      0 |    344 |   1 |  382.0 |
          Lair |     60 |     60 |      0 |      0 |      0 |   1 |   60.0 |
               +--------+--------+--------+--------+--------+-----+--------+

Top non-repeatable levels by time:
    D:11: 2087 daAuts
     D:2: 1880 daAuts
     D:4: 1663 daAuts
     D:7: 1647 daAuts
    D:10: 1389 daAuts
     D:9: 1372 daAuts
     D:6: 1366 daAuts
     D:8: 1282 daAuts
     D:3: 1074 daAuts
     D:5: 966 daAuts
     D:1: 952 daAuts
  Temple: 382 daAuts
  Lair:1: 60 daAuts
    D:12: 42 daAuts
